AoeStats
← Chiripa605

Arena

503837604Analyzed
3v3 RM · 1mo ago on Sep 2, 2026· 37m 50s· 6 players
Game mode
Random Map
Map size
Normal (6 player)
Population
200
Speed
Normal
Resources
Standard
Victory
Conquest
Starting age
Dark Age
Ending age
Imperial Age
RankedLock teamsTeams togetherTeam positionsShared explorationLock speedFull tech treeHidden civsTurbo modeCheats
Victory
Defeat
🇩🇪 Spanish · Germany
1357
+10
🇩🇪 Khmer · Germany
1176
+18
🇩🇪 Bohemians · Germany
1170
+19
🇨🇳 Turks · China
1252
-17
🇩🇪 Celts · Germany
1215
-15
🇺🇸 Britons · United States
1209
-15
KickersEmden_AoE
11:07 Feudal Age
15:10 Castle Age
13:27 Double-Bit Axe
13:59 Horse Collar
15:38 Loom
32:22 Bow Saw
32:54 Wheelbarrow
39:52 Imperial Age
38:02 Forging
37:58 Scale Barding Armor
Naschii
10:25 Feudal Age
14:01 Castle Age
12:04 Double-Bit Axe
12:11 Horse Collar
15:13 Bow Saw
15:16 Heavy Plow
20:40 Wheelbarrow
20:32 Gold Mining
23:21 Gold Shaft Mining
27:44 Imperial Age
25:44 Hand Cart
27:27 Scale Barding Armor
27:33 Forging
27:17 Stone Mining
27:41 Husbandry
27:51 Bloodlines
27:52 Elite Battle Elephant
28:56 Chain Barding Armor
28:10 Light Cavalry
29:31 Crop Rotation
29:52 Iron Casting
30:10 Stone Shaft Mining
30:36 Plate Barding Armor
30:08 Town Watch
31:17 Loom
32:37 Blast Furnace
33:04 Tusk Swords
33:25 Conscription
Samiotis
10:14 Feudal Age
14:00 Castle Age
12:23 Double-Bit Axe
12:39 Horse Collar
15:19 Bow Saw
21:26 Wheelbarrow
20:38 Loom
22:25 Heavy Plow
28:17 Imperial Age
26:56 Fletching
27:07 Padded Archer Armor
27:50 Bodkin Arrow
29:04 Chemistry
28:25 Ballistics
29:07 Leather Archer Armor
28:20 Elite Skirmisher
29:17 Bracer
28:48 Pikeman
29:28 Squires
29:34 Scale Mail Armor
29:45 Forging
31:48 Chain Mail Armor
31:38 Scale Barding Armor
33:33 Iron Casting
33:28 Plate Mail Armor
33:29 Ring Archer Armor
32:55 Halberdier
36:05 Houfnice
unzelfunzel
10:00 Feudal Age
14:01 Castle Age
12:35 Double-Bit Axe
12:34 Horse Collar
14:43 Wheelbarrow
23:25 Heavy Plow
24:49 Bow Saw
25:58 Hand Cart
25:29 Loom
27:19 Gold Mining
27:26 Pikeman
30:58 Imperial Age
29:15 Scale Mail Armor
29:26 Forging
30:39 Chain Mail Armor
32:00 Iron Casting
31:05 Halberdier
31:08 Capped Ram
32:38 Conscription
32:29 Furor Celtica
32:00 Siege Ram
34:04 Plate Mail Armor
34:35 Blast Furnace
Chiripa605
5:12 Loom
10:30 Feudal Age
10:50 Feudal Age
15:04 Castle Age
13:09 Double-Bit Axe
16:05 Bow Saw
19:10 Horse Collar
21:38 Wheelbarrow
22:00 Fletching
23:37 Hand Cart
23:49 Heavy Plow
23:36 Crossbowman
24:10 Gold Mining
25:50 Ballistics
26:27 Gold Shaft Mining
30:29 Imperial Age
28:17 Stone Mining
LY
0:34 Loom
10:36 Feudal Age
15:11 Castle Age
13:37 Double-Bit Axe
14:17 Horse Collar
14:52 Gold Mining
15:52 Stone Mining
18:02 Fletching
18:23 Loom
18:48 Town Watch
25:15 Bodkin Arrow
Connection lost

Rejoining the realm…

Still unreachable

The connection could not be restored.

Session expired

The server has moved on; the page needs a fresh start.